cohdb
Replays
Latest Replays
All Replays
Popular Replays
Top Player Replays
Match Explorer
How It Works
Community
CoH3 Stats
Reddit
Sign in to upload your games and track your stats! →
Sign in with Steam
Match 42097091
Unlisted
Match 42097091
Overview
Messages
Build Orders
End
Pioneer Squad
Construct Infanterie Kompanie
Grenadier Squad
Grenadier Squad
MG 42 Machine Gun Team
Grenadier Squad
Infanterie Officer Quarters
Selects Terror Battlegroup
Construct Panzergrenadier Kompanie
Selects Machine Gun Camouflage
Selects Interrogate
Panzergrenadier Squad
Pak 40 Anti-tank Gun Team
Support Elements
Medical Bunker
StuG III G Assault Gun
Panzergrenadier Officer Quarters
Selects Defend the Fatherland
251 Medium Carrier
MG 42 Machine Gun Team
Nebelwerfer 42 Rocket Launcher Team
StuG III G Assault Gun
Panzergrenadier Squad
Selects King Tiger Heavy Tank
King Tiger Heavy Tank
MadMax
Abzar
0
0
Comments
sign in to comment!
No comments posted yet!